 Dungeon Crawl Stone Soup version 0.18-a0-1347-gb9e2fb4 (webtiles) character file.

98 namelastname112 the Charlatan (level 4, -7/36 HPs)
             Began as a Draconian Artificer on Feb 17, 2016.
             Killed from afar by Ijyb (27 damage)
             ... with a wand of lightning
             ... on level 3 of the Dungeon.
             The game lasted 00:02:50 (2193 turns).

namelastname112 the Charlatan (Draconian Artificer) Turns: 2193, Time: 00:02:51

Health: -7/36      AC:  6    Str: 13    XL:     4   Next: 43%
Magic:  7/7        EV:  7    Int: 12    God:
Gold:   96         SH:  0    Dex: 13    Spells: 0 memorised, 3 levels left

rFire  . . .     SeeInvis .     s - +0 spear
rCold  . . .     Gourm    .     (armour unavailable)
rNeg   . . .     Faith    .     (no shield)
rPois  .         Spirit   .     (helmet restricted)
rElec  .         Dismiss  .     (no cloak)
rCorr  .         Reflect  .     a - +0 pair of gloves
SustAt .         Harm     .     (no boots)
MR     .....                    (no amulet)
Stlth  +.........               (no ring)
                                (no ring)

@: slowed, very slow, not resistant to hostile enchantments, very unstealthy
A: unfitting armour, cold-blooded, AC +5
a: no special abilities


You were on level 3 of the Dungeon.
You were not hungry.

You visited 1 branch of the dungeon, and saw 3 of its levels.

You collected 96 gold pieces.

Inventory:

Hand Weapons
 s - a +0 spear (weapon)
Armour
 a - a +0 pair of gloves (worn)
Wands
 b - a wand of flame (11/48)
 c - a wand of enslavement (15/24)
 d - a wand of random effects (15/48)
Scrolls
 e - a scroll of remove curse {unknown}
 g - a scroll of teleportation {unknown}
 i - a scroll of magic mapping {unknown}
 n - a scroll of enchant weapon {unknown}
 p - a scroll of noise {unknown}
Potions
 j - 3 potions of curing {unknown}
 k - a potion of haste {unknown}
 l - a potion of resistance {unknown}
 o - a potion of heal wounds {unknown}
 q - a potion of ambrosia {unknown}
Comestibles
 f - 2 bread rations
 h - 2 beef jerkies
 m - a slice of pizza


   Skills:
 + Level 2.1 Fighting
   Level 1.0 Short Blades
 * Level 1.7 Polearms
 + Level 2.4 Dodging
 - Level 0.8 Stealth
 * Level 4.1 Evocations


You had 3 spell levels left.
You didn't know any spells.

Dungeon Overview and Level Annotations

Branches:
Dungeon (3/15)

Altars:

Annotations:
D:3 Ijyb


Innate Abilities, Weirdness & Mutations

Your plain brown scales are hard (AC +5).
Your body does not fit into most forms of armour.
You are cold-blooded and may be slowed by cold attacks.


Message History

Natasha claws you! Natasha closely misses you.
You barely miss Natasha.
Natasha is severely wounded.
Natasha stares at you and mumbles some strange words.
You feel as though you will be slow longer.
You hit Natasha.
Natasha is almost dead.
Natasha casts a spell.
Natasha barely misses you.
You hit Natasha.
You kill Natasha!
Natasha screams in pain as she dies!
Your Fighting skill increases to level 2!
The white imp disappears in a puff of smoke!
Ijyb the Twisted Goblin comes into view.
He is wielding a club.
Unknown command.
Ijyb zaps a wand.
Helpless, you fail to dodge the bolt of lightning.
Ouch! That really hurt!
You die...

##.........#
...(.......#
#.........#
#.........#
#.........#
#.........#
#.....†.#
#.....#
#####@#
#..§.†..#
#.......#
.g.......#
.........#
..........
###.....#.
###......


You could see Ijyb.

Vanquished Creatures
  Natasha (D:3)
  3 adders (D:2)
  An ooze (D:3)
  A worm (D:2)
  2 giant geckos (D:2)
  3 bats (D:2)
  2 giant cockroaches
  4 goblins
  4 hobgoblins (D:2)
  3 jackals (D:2)
  A quokka (D:2)
  A ball python (D:1)
  4 giant newts
  5 kobolds
  3 rats
38 creatures vanquished.

Notes
Turn   | Place    | Note
--------------------------------------------------------------
     0 | D:1      | namelastname112 the Draconian Artificer began the quest for the Orb.
     0 | D:1      | Reached XP level 1. HP: 16/16 MP: 3/3
   446 | D:1      | Reached XP level 2. HP: 10/23 MP: 4/4
  1369 | D:2      | Reached XP level 3. HP: 27/29 MP: 5/5
  1395 | D:2      | Reached skill level 1 in Polearms
  2058 | D:2      | Reached skill level 4 in Evocations
  2160 | D:3      | Noticed Natasha
  2168 | D:3      | Reached XP level 4. HP: 34/36 MP: 7/7
  2192 | D:3      | Killed Natasha
  2193 | D:3      | Noticed Ijyb
  2193 | D:3      | Killed from afar by Ijyb

Vault maps used:
D:1:      lemuel_arrival_rhombus
D:2:      first_bread, minmay_stone_trees_medium
D:3:      uniq_iyjb, uniq_natasha

Action                   |  1- 3 |  4- 6 || total
-------------------------+-------+-------++-------
Melee: Short sword       |    62 |       ||    62
       Spear             |    80 |     9 ||    89
Evoke: Wand              |       |     4 ||     4
 Stab: Sleeping          |     5 |       ||     5
  Eat: Chunk             |     4 |       ||     4
